 Dungeon Crawl Stone Soup version 0.17.1-2-g5865329 (webtiles) character file.

66 xeno23 the Charmwright (level 3, -1/25 HPs)
             Began as a High Elf Skald on Jan 31, 2016.
             Splashed by a jelly's acid (9 damage)
             ... on level 3 of the Dungeon.
             The game lasted 00:04:54 (1471 turns).

xeno23 the Charmwright (High Elf Skald)             Turns: 1471, Time: 00:04:54

Health: -1/25      AC:  1    Str: 12    XL:     3   Next: 96%
Magic:  0/8        EV: 11    Int: 15    God:
Gold:   123        SH:  0    Dex: 15    Spells: 2 memorised, 5 levels left

rFire  + . .     SeeInvis .     a - +0 falchion
rCold  x . .     Clarity  .     o - +0 ring mail
rNeg   . . .     SustAt   .     (no shield)
rPois  .         Gourm    .     (no helmet)
rElec  .         Spirit   .     (no cloak)
rCorr  .         Warding  .     (no gloves)
rMut   .         Stasis   .     (no boots)
MR     .....                    (no amulet)
Stlth  +.........               (no ring)
                                p - ring of fire

@: infused, corroded equipment, very slightly contaminated, not resistant to
hostile enchantments, very unstealthy
A: no striking features
a: no special abilities


You were on level 3 of the Dungeon.
You were not hungry.

You visited 1 branch of the dungeon, and saw 3 of its levels.

You collected 123 gold pieces.

Inventory:

Hand Weapons
 a - a +0 falchion (weapon)
Missiles
 n - 3 tomahawks (quivered)
Armour
 o - a +0 ring mail (worn)
Jewellery
 p - a ring of fire (left hand)
 u - an uncursed ring of see invisible {unknown}
Scrolls
 g - 2 scrolls of remove curse {unknown}
 h - 4 scrolls of teleportation {unknown}
 k - 2 scrolls of identify {unknown}
 l - a scroll of random uselessness {unknown}
 q - a scroll of magic mapping {unknown}
Potions
 b - a potion of heal wounds {unknown}
 e - 4 potions of curing {unknown}
 i - a potion of degeneration {unknown}
 j - a potion of cure mutation {unknown}
 r - a potion of flight {unknown}
 s - 2 potions of lignification {unknown}
 v - a potion of poison {unknown}
 x - a potion of magic {unknown}
Books
 c - a book of Battle

   Spells                             Type                      Level
   a - Infusion                       Charms                       1
   b - Shroud of Golubria             Charms/Translocation         2
   c - Song of Slaying                Charms                       2
   d - Spectral Weapon                Hexes/Charms                 3
   e - Regeneration                   Charms/Necromancy            3
Comestibles
 d - 2 bread rations
 f - 4 meat rations
 m - a slice of pizza
 t - a royal jelly
 w - 2 beef jerkies


   Skills:
 * Level 2.4 Fighting
 * Level 3.1 Long Blades
 + Level 1.1 Armour
 + Level 1.8 Dodging
 + Level 3.1 Spellcasting
 + Level 4.1 Charms
 + Level 0.4 Translocations


You had 5 spell levels left.
You knew the following spells:

 Your Spells              Type           Power        Failure   Level  Hunger
a - Infusion              Chrm           ##....       12%         1    #......
d - Shroud of Golubria    Chrm/Tloc      #.........   28%         2    ##.....


Dungeon Overview and Level Annotations

Branches:
Dungeon (3/15)

Altars:
Dithmenos

Annotations:
D:3 Natasha; xeno23's ghost, amateur HESk


Message History

A jelly comes into view.
The jelly quivers.
You hit the adder!
The adder is severely wounded.
The adder barely misses you. The adder bites you but does no damage.
You barely miss the adder.
The adder is severely wounded.
The adder barely misses you.
You hit the adder.
You kill the adder!
Your Spellcasting skill increases to level 3!
Your ring mail prevents you from hitting the jelly.
The jelly closely misses you.
You completely miss the jelly.
Your shroud begins to fray at the edges.
The jelly closely misses you.
You hit the jelly. The acid corrodes you!
Your hands burn!
The jelly is lightly wounded.
The jelly hits you.
You are splashed with acid!
The acid burns!
You die...

#.# #.....#
#.# #.###.#
#.#####.#
#.###
#.......#
#...#
####.####
###.# #..#
#.# ##.#
#.#
#.#######.#
#.#.@.....#
#.#J#######
#.#. #...
#.## #.# #


You could see a jelly.

Vanquished Creatures
  An adder (D:3)
  2 oozes
  A worm (D:2)
  A giant gecko (D:2)
  A giant cockroach (D:1)
  6 hobgoblins
  4 jackals (D:1)
  2 quokkas
  4 bats
  6 giant newts
  7 goblins
  6 kobolds
  3 rats
44 creatures vanquished.

Notes
Turn   | Place    | Note
--------------------------------------------------------------
     0 | D:1      | xeno23 the High Elf Skald began the quest for the Orb.
     0 | D:1      | Reached XP level 1. HP: 14/14 MP: 4/4
   190 | D:1      | Reached XP level 2. HP: 19/19 MP: 2/6
   194 | D:1      | Learned a level 2 spell: Shroud of Golubria
   204 | D:1      | Reached skill level 1 in Armour
   341 | D:1      | Reached skill level 4 in Charms
   632 | D:2      | Reached XP level 3. HP: 21/24 MP: 8/8
   702 | D:2      | Found a shadowy altar of Dithmenos.
  1305 | D:3      | Noticed Natasha
  1307 | D:3      | Noticed xeno23's ghost (amateur HESk)
  1471 | D:3      | Splashed by a jelly's acid

Action                   || total
-------------------------++-------
Melee: Falchion          ||   149
 Cast: Infusion          ||     7
       Shroud of Golubri ||     2
 Stab: Sleeping          ||     1
  Eat: Chunk             ||     2
